 Dungeon Crawl Stone Soup version 0.24-a0-335-g06ca16af6c (webtiles) character file.

Game seed: 4354641123724331588

171 MachJacob the Gusty (level 5, -2/38 HPs)
             Began as a Draconian Air Elementalist on May 20, 2019.
             Slain by an adder (5 damage)
             ... on level 3 of the Dungeon.
             The game lasted 00:08:10 (3356 turns).

MachJacob the Gusty (Draconian Air Elementalist)    Turns: 3356, Time: 00:08:10

Health: -2/38      AC:  5    Str: 10    XL:     5   Next: 26%
Magic:  3/9        EV: 12    Int: 17    God:
Gold:   48         SH:  0    Dex: 11    Spells: 3/9 levels left

rFire    + . .     SeeInvis .   d - +0 dagger
rCold    + . .     Gourm    .   (no shield)
rNeg     . . .     Faith    .   (armour unavailable)
rPois    .         Spirit   .   (helmet restricted)
rElec    .         Reflect  .   h - scarf {rC+ rF+}
rCorr    .         Harm     .   (no gloves)
MR       .....                  (no boots)
Stlth    ++........             (no amulet)
HPRegen  0.12/turn              q - ring of wizardry
MPRegen  0.11/turn              (no ring)

@: very slightly contaminated
A: unfitting armour, cold-blooded, AC +5
a: no special abilities


You were on level 3 of the Dungeon.
You were not hungry.

You visited 1 branch of the dungeon, and saw 3 of its levels.

You collected 48 gold pieces.

Inventory:

Hand Weapons
 d - a +0 dagger (weapon)
Armour
 h - a scarf of resistance (worn)
Jewellery
 q - a ring of wizardry (left hand)
Scrolls
 a - 2 scrolls of remove curse
 c - a scroll of fog {unknown}
 e - 2 scrolls of amnesia
 g - a scroll of noise {unknown}
 i - a scroll of teleportation {unknown}
 m - a scroll of immolation {unknown}
 n - a scroll of random uselessness
Potions
 f - a potion of mutation {unknown}
 j - a potion of agility {unknown}
 k - a potion of cancellation
 l - a potion of curing
 o - a potion of lignification {unknown}
 p - a potion of resistance {unknown}
 r - a potion of berserk rage {unknown}
Comestibles
 b - 6 rations
 s - 4 chunks of flesh


   Skills:
 + Level 2.4 Dodging
 - Level 1.7 Stealth
 + Level 2.8 Spellcasting
 * Level 3.1 Conjurations
 * Level 4.1 Air Magic


You had 3 spell levels left.
You knew the following spells:

 Your Spells              Type           Power        Failure   Level  Hunger
a - Shock                 Conj/Air       ##..         1%          1    #......
b - Swiftness             Chrm/Air       #.......     4%          2    ##.....
c - Static Discharge      Conj/Air       ##......     4%          3    ###....

Your spell library contained the following spells:

 Spells                   Type           Power        Failure   Level  Hunger
 Airstrike                Air            ###.......   13%         4    #####..
 Lightning Bolt           Conj/Air       ##........   38%         5    ######.


Dungeon Overview and Level Annotations

Branches:
Dungeon (3/15)

Altars:

Annotations:
D:3 Grinder


Innate Abilities, Weirdness & Mutations

Your plain brown scales are hard. (AC +5)
You cannot fit into any form of body armour.
You are cold-blooded and may be slowed by cold attacks.


Message History

You miscast Shock.
You are very lightly contaminated with residual magic.
You feel electric! Grinder misses you. The adder bites you but does no damage.
Grinder hits you! The adder bites you but does no damage.
Casting: Shock (safe; 1% risk of failure)
Confirm with . or Enter, or press ? or * to list all spells.
Aiming: Shock (safe; 1% risk of failure)
Press: ? - help, Shift-Dir - straight line, f/p - Grinder
Aim: Grinder (lightly wounded, fast)
The zap hits Grinder.
Grinder is lightly wounded.
Grinder hits you.
You writhe in agony.
* * * LOW HITPOINT WARNING * * *
The adder closely misses you.
As you read the scroll labeled TOGYCH QIMASM, it crumbles to dust.
The dust glows shimmering viridian!
It was a scroll of random uselessness.
Grinder hits you!
* * * LOW HITPOINT WARNING * * *
The adder bites you.
You die...

#.......##.##.#..
#.......##.##.###
#.......##.##.#
#.......##.##.#
#.......##.##..
####.......##.####
#####..........#...#
...........(...#...#
.......@5#####.#...#
.......S..........##
...............####
........########
........# ........#
........# ......).#


You could see Grinder and an adder.

Vanquished Creatures
  A hound (D:2)
  An orc wizard (D:3)
  An adder (D:3)
  An ooze (D:2)
  3 worms (D:2)
  2 dart slugs
  2 leopard geckos
  4 orcs (D:3)
  A ball python (D:2)
  5 giant cockroaches
  9 goblins
  9 hobgoblins
  10 jackals
  11 kobolds
  A quokka (D:3)
  9 bats
  2 frilled lizards
  3 rats
75 creatures vanquished.

Notes
Turn   | Place    | Note
-------+----------+-------------------------------------------
     0 | D:1      | MachJacob the Draconian Air Elementalist began the quest
                  | for the Orb.
     0 | D:1      | Reached XP level 1. HP: 14/14 MP: 3/3
   175 | D:1      | Reached XP level 2. HP: 20/20 MP: 1/5
  1115 | D:2      | Reached XP level 3. HP: 26/26 MP: 2/6
  1197 | D:2      | Learned a level 2 spell: Swiftness
  1201 | D:2      | Learned a level 3 spell: Static Discharge
  1711 | D:2      | Reached XP level 4. HP: 31/33 MP: 3/7
  2996 | D:3      | Reached skill level 4 in Air Magic
  3082 | D:3      | Reached XP level 5. HP: 26/38 MP: 0/9
  3348 | D:3      | Noticed Grinder
  3356 | D:3      | Slain by an adder

Levels and vault maps discovered:
D:1:      dpeg_arrival_refuge, layout_basic
D:2:      minmay_skewed_foursquare, layout_basic, first_ration
D:3:      layout_basic, old_standard_altar, uniq_grinder

Skill      XL: |  1  2  3  4 |
---------------+-------------+-----
Dodging        | 2 |  2.4
Conjurations   | 2 3 |  3.1
Air Magic      | 4 |  4.1
Stealth        | |  1.7
Spellcasting   | |  2.8

Action                   |  1- 3 |  4- 6 || total
-------------------------+-------+-------++-------
Melee: Dagger            |    16 |    26 ||    42
       Tailslap          |       |     3 ||     3
 Cast: Shock             |    73 |   111 ||   184
  Use: Scroll            |     3 |     2 ||     5
  Eat: Chunk             |     3 |     6 ||     9
Armor: Skin              |     6 |    24 ||    30
Dodge: Dodged            |    26 |    42 ||    68

Table legend:
 A = Non-vault XP
 B = Vault XP
 C = Vault XP percentage of total XP
 D = Non-vault monster count
 E = Vault monster count
 F = Vault count percentage of total count
                 A         B        C        D         E       F
            +---------+---------+-------+---------+---------+-------
      Total |     238 |       7 |   2.9 |      74 |       1 |   1.3
            +---------+---------+-------+---------+---------+-------
        D:1 |      33 |       0 |   0.0 |      18 |       0 |   0.0
        D:2 |     105 |       7 |   6.2 |      30 |       1 |   3.2
        D:3 |     100 |       0 |   0.0 |      26 |       0 |   0.0
            +---------+---------+-------+---------+---------+-------
